 Dungeon Crawl Stone Soup version 0.31-a0-360-gb3e1d13bf4 (webtiles) character file.

Game seed: 8955062822418534387

17317944 Midn8 the Conqueror (level 27, 300/300 HPs)
             Began as a Grey Draconian Brigand on July 26, 2023.
             Was a High Priest of Okawaru.
             Escaped with the Orb
             ... and 15 runes on July 27, 2023!
             The game lasted 06:24:49 (89232 turns).

Midn8 the Conqueror (Grey Draconian Brigand)       Turns: 89232, Time: 06:24:50

Health: 300/300    AC: 43    Str: 13      XL:     27
Magic:  45/45      EV: 33    Int: 12 (13) God:    Okawaru [*****.]
Gold:   13376      SH: 29    Dex: 29 (30) Spells: 26/34 levels left

rFire   + .          .
                       - Unarmed
rCold   + . .        p - +3 tower shield {AC+3}
rNeg    + + +        (body armour unavailable)
rPois   ∞            n - +2 hat {Will+}
rElec   .            b - +2 cloak {rCorr}
rCorr   +            I - +3 pair of gauntlets of War {Slay+5}
SInv    .            R - +4 pair of boots of Cocvaec {rF+ MP+9}
Will    +++++        O - amulet "Dosir" {Drain rN+ Will+ Regen+ rCorr}
Stlth   +            P - ring "Tiroj" {Dex+2 Slay+4}
HPRegen 1.50/turn    N - ring of the Tortoise {AC+8}
MPRegen 0.29/turn

%: no passive effects
@: death-form, studying Dodging
A: vile attack, torment immunity, no potions, AC +18, amphibious, unfitting
armour, cold-blooded, agile 1, robust 1, inability to drink after injury 1
0: Orb of Zot
}: 15/15 runes: decaying, slimy, silver, golden, iron, obsidian, icy, bone,
abyssal, demonic, glowing, magical, fiery, dark, gossamer
a: Siphon Essence, Begin Untransformation, Renounce Religion, Heroism, Finesse,
Duel


You escaped.
You worshipped Okawaru.
Okawaru was extremely pleased with you.
You were an undying horror.
You visited 17 branches of the dungeon, and saw 87 of its levels.
You visited Pandemonium 1 time, and saw 16 of its levels.
You visited the Abyss 2 times.
You also visited: Gauntlet and Ice Cave.

You collected 19177 gold pieces.
You spent 5801 gold pieces at shops.

Inventory:

Missiles
 c - 5 silver boomerangs
 d - 7 curare-tipped darts
 u - 26 boomerangs
 w - 5 throwing nets
 C - 41 javelins
 D - 24 silver javelins (quivered)
 T - 12 atropa-tipped darts
 W - 12 datura-tipped darts
Armour
 b - a +2 cloak of preservation (worn)
 n - a +2 hat of willpower (worn)
 p - a +3 tower shield of protection (worn)
 B - the +10 tower shield of Ignorance {rN+ Int-4}
   (You found it on level 5 of the Pits of Slime)

   Int:       It affects your intelligence (-4).
   rN:        It protects you from negative energy.
 I - the +3 pair of gauntlets of War (worn) {Slay+5}
   (Okawaru gifted it to you on level 3 of the Realm of Zot)

   Slay:      It affects your accuracy & damage with ranged weapons and melee
   (+5).
 R - the +4 pair of boots of Cocvaec (worn) {rF+ MP+9}
   (Okawaru gifted it to you on level 5 of the Vaults)

   rF:        It protects you from fire.
   MP:        It affects your magic capacity (+9).
Jewellery
 k - the ring of Past Mistakes {Fly rElec rN+ Dex+6 Stlth+}
   (You found it on level 7 of the Iron City of Dis)

   [ring of dexterity]

   Dex:       It affects your dexterity (+6).
   rElec:     It insulates you from electricity.
   rN:        It protects you from negative energy.
   Fly:       It grants you flight.
   Stlth:     It makes you more stealthy.
 G - a ring of see invisible
 N - the ring of the Tortoise (right hand) {AC+8}
   (You took it off a deep elf annihilator on level 3 of the Elven Halls)

   [ring of protection]

   AC:        It affects your AC (+8).
 O - the amulet "Dosir" (around neck) {Drain rN+ Will+ Regen+ rCorr}
   (You bought it in a shop on level 6 of the Dungeon)

   [amulet of regeneration]

   rN:        It protects you from negative energy.
   Regen:     It increases your rate of health regeneration.
   rCorr:     It protects you from acid and corrosion.
   Drain:     It drains your maximum health when unequipped.
   Will:      It increases your willpower.
 P - the ring "Tiroj" (left hand) {Dex+2 Slay+4}
   (You took it off a balrug in Pandemonium)

   [ring of slaying]

   Dex:       It affects your dexterity (+2).
   Slay:      It affects your accuracy & damage with ranged weapons and melee
   (+4).
Talismans
 E - a maw talisman
 F - a blade talisman
 X - a storm talisman
 Y - a talisman of death
Wands
 s - a wand of iceblast (121)
 A - a wand of digging (33)
 S - a wand of light (49)
 U - a wand of mindburst (59)
 Z - a wand of polymorph (39)
Scrolls
 e - 16 scrolls of vulnerability
 f - 32 scrolls of teleportation
 h - 2 scrolls of revelation
 i - 10 scrolls of blinking
 l - 9 scrolls of fear
 x - 14 scrolls of amnesia
 y - 3 scrolls of fog
 H - a scroll of acquirement
 K - 7 scrolls of silence
Potions
 g - 5 potions of resistance
 m - 13 potions of magic
 o - 8 potions of haste
 r - 10 potions of ambrosia
 t - 16 potions of heal wounds
 v - 6 potions of invisibility
 z - 10 potions of enlightenment
 J - 29 potions of curing
 L - 12 potions of might
 M - 9 potions of cancellation
 Q - 9 potions of mutation
 V - 6 potions of berserk rage
Miscellaneous
 a - a lightning rod (4/4)
 j - a phial of floods
 q - a condenser vane


   Skills:
 O Level 27 Fighting
 - Level 2.0 Short Blades
 + Level 20.2 Throwing
 - Level 20.0 Dodging
 - Level 3.6 Stealth
 - Level 22.0 Shields
 O Level 27 Unarmed Combat
 - Level 4.0 Spellcasting
 - Level 8.0 Ice Magic
 - Level 19.6 Invocations
 - Level 10.0 Evocations
 O Level 27 Shapeshifting


You had 26 spell levels left.
You knew the following spells:

 Your Spells              Type           Power      Damage    Failure   Level
a - Manifold Assault      Tloc           2%         N/A       98%         4
p - Apportation           Tloc           4%         N/A       36%         1
z - Ozocubu's Armour      Ice            21%        N/A       4%          3

Your spell library contained the following spells:

 Spells                   Type           Power      Damage    Failure   Level
 Freeze                   Ice            84%        1d9       1%          1
 Frozen Ramparts          Ice            42%        1d7       4%          3
 Ensorcelled Hibernation  Hex/Ice        24%        N/A       12%         2
 Hailstorm                Conj/Ice       12%        3d5       22%         3
 Kiss of Death            Conj/Necr      8%         2d6       36%         1
 Magic Dart               Conj           8%         1d3       36%         1
 Necrotise                Necr           8%         1d4       36%         1
 Shock                    Conj/Air       8%         1d3       36%         1
 Sting                    Tmut/Pois      8%         1d3       36%         1
 Blink                    Tloc           4%         N/A       52%         2
 Lesser Beckoning         Tloc           4%         N/A       52%         2
 Momentum Strike          Conj/Tloc      4%         3d8       52%         2
 Passwall                 Tmut/Erth      1%         N/A       52%         2
 Poisonous Vapours        Pois/Air       4%         N/A       52%         2
 Static Discharge         Conj/Air       4%         2-3/arc   52%         2
 Sublimation of Blood     Necr           2%         N/A       52%         2
 Wereblood                Tmut           2%         N/A       52%         2
 Confusing Touch          Hex            2%         N/A       75%         3
 Dazzling Flash           Conj/Hex       4%         N/A       75%         3
 Gell's Gravitas          Tloc           2%         N/A       75%         3
 Inner Flame              Hex/Fire       2%         N/A       75%         3
 Mephitic Cloud           Conj/Pois/Air  2%         N/A       75%         3
 Portal Projectile        Hex/Tloc       4%         N/A       75%         3
 Stone Arrow              Conj/Erth      4%         3d7       75%         3
 Swiftness                Air            2%         N/A       75%         3
 Teleport Other           Tloc           2%         N/A       75%         3
 Vhi's Electric Charge    Tloc/Air       4%         N/A       75%         3
 Volatile Blastmotes      Fire/Tloc      4%         2d10      75%         3
 Metabolic Englaciation   Hex/Ice        6%         N/A       91%         5
 Airstrike                Air            1%         2d(1-17)  98%         4
 Anguish                  Hex/Necr       1%         N/A       98%         4
 Cause Fear               Hex            1%         N/A       98%         4
 Dispel Undead            Necr           2%         3d7       98%         4
 Flame Wave               Conj/Fire      2%         2d4       98%         4
 Fulminant Prism          Conj/Hex       1%         3d5       98%         4
 Iskenderun's Mystic Bla  Conj/Tloc      2%         2d3       98%         4
 Leda's Liquefaction      Hex/Erth       1%         N/A       98%         4
 Olgreb's Toxic Radiance  Pois           2%         N/A       98%         4
 Passage of Golubria      Tloc           2%         N/A       98%         4
 Petrify                  Tmut/Erth      2%         N/A       98%         4
 Sticky Flame             Conj/Fire      2%         2d3       98%         4
 Freezing Cloud           Conj/Ice/Air   4%         6-21      98%         5
 Alistair's Intoxication  Tmut/Pois      1%         N/A       100%        5
 Borgnjor's Vile Clutch   Necr/Erth      1%         N/A       100%        5
 Irradiate                Conj/Tmut      1%         3d12      100%        5
 Iskenderun's Battlesphe  Conj           2%         2d6       100%        5
 Lee's Rapid Deconstruct  Erth           1%         3d4*      100%        5
 Yara's Violent Unravell  Hex/Tmut       1%         3d3       100%        5
 Conjure Ball Lightning   Conj/Air       1%         3x3d6     100%        6
 Dispersal                Tloc           1%         N/A       100%        6
 Eringya's Noxious Bog    Tmut/Pois      1%         4d6       100%        6
 Leda's Unmaking          Conj/Erth      1%         9d1       100%        6
 Plasma Beam              Fire/Air       1%         2x1d11    100%        6
 Starburst                Conj/Fire      1%         6d3       100%        6
 Enfeeble                 Hex            1%         N/A       100%        7
 Orb of Destruction       Conj           1%         9d5       100%        7
 Ozocubu's Refrigeration  Ice            10%        4d9       100%        7
 Discord                  Hex            1%         N/A       100%        8
 Disjunction              Tloc           1%         N/A       100%        8
 Lehudib's Crystal Spear  Conj/Erth      1%         10d2      100%        8
 Maxwell's Capacitive Co  Air            1%         ∞         100%        8
 Polar Vortex             Ice            10%        12d1*     100%        9
 Summon Small Mammal      Summ           Unusable   N/A       N/A         1
 Call Canine Familiar     Summ           Unusable   N/A       N/A         3
 Summon Guardian Golem    Hex/Summ       Unusable   N/A       N/A         3
 Tukima's Dance           Hex            Unusable   N/A       N/A         3
 Animate Armour           Summ/Erth      Unusable   N/A       N/A         4
 Animate Dead             Necr           Unusable   N/A       N/A         4
 Summon Lightning Spire   Summ/Air       Unusable   N/A       N/A         4
 Summon Forest            Summ/Tloc      Unusable   N/A       N/A         5
 Death Channel            Necr           Unusable   N/A       N/A         6
 Simulacrum               Ice/Necr       Unusable   N/A       N/A         6
 Spellforged Servitor     Conj/Summ      Unusable   N/A       N/A         7
 Summon Hydra             Summ           Unusable   N/A       N/A         7

Dungeon Overview and Level Annotations

Branches:
Dungeon (15/15)            Temple (0/1) D:6            Lair (5/5) D:11
  Swamp (4/4) Lair:2       Spider (4/4) Lair:2        Slime (5/5) Lair:5
    Orc (2/2) D:11            Elf (3/3) Orc:2        Vaults (5/5) D:14
  Crypt (3/3) Vaults:3       Tomb (3/3) Crypt:3      Depths (4/4) D:15
   Hell (visited)             Dis (7/7) Hell            Geh (7/7) Hell
    Coc (7/7) Hell            Tar (7/7) Hell            Zot (5/5) Depths:4
  IceCv (visited)         Gauntlet (visited)

Altars:
Ashenzari
Dithmenos
Elyvilon
Gozag
Hepliaklqana
Kikubaaqudgha
Makhleb
Nemelex Xobeh
Okawaru
Ru
Trog
Vehumet
Xom
Yredelemnul
Jiyva

Shops:
D:1 ?   D:2 *   D:6 *!=   Orc:2 [*(:   Elf:1 ==:   Elf:2 *   Elf:3 (
Vaults:3 (([*(   Vaults:4 ?   Zot:4 *   Depths:1 ?   Depths:2 ?*[!
Depths:3 ((

Portals:
Hell: Depths:1 Depths:2 Depths:3 Depths:4
Abyss: Depths:1 Depths:3
Pandemonium: Depths:2 Depths:4
Ziggurat: Depths:2
Trove: Vaults:1 (give 5 scrolls of fear)

Annotations:
Swamp:2 exclusion: oklob plant
Spider:4 1 runed translucent door, RepHenryClay's ghost, adept DgCj
Slime:5 1 exclusion
Elf:2 3 runed translucent doors
Vaults:5 1 exclusion
Crypt:3 3 runed translucent doors, exclusion: obsidian statue, Zievuyg's ghost, adept MiFi
Tomb:1 1 exclusion
Depths:3 1 transporter, exclusion: hell hog
Dis:7 1 exclusion
Coc:7 exclusions: 2 ice statues and 1 more exclusion, Antaeus
Zot:2 3 runed translucent doors


Innate Abilities, Weirdness & Mutations

You are an undying horror.
Your melee and unarmed attacks drain, slow and weaken victims.
You are immune to unholy pain and torment.
You cannot drink.
You are immune to poison.
Your dull iron-grey scales are very hard. (AC +18)
You are amphibious.
You cannot fit into any form of body armour.
You are cold-blooded and may be slowed by cold attacks.
You are agile. (Dex +4, Str/Int -1)
You are robust. (+10% HP)
You occasionally lose the ability to drink potions when taking damage.


Message History

You climb upwards.
There is a stone staircase leading down here.
An Orb Guardian comes into view.
There is an escape hatch in the floor here.
You pummel the Orb Guardian!!
The Orb Guardian decays.
Your tail-slap misses the Orb Guardian.
The Orb Guardian is moderately wounded.
You block the Orb Guardian's attack.
You pound the Orb Guardian into fine dust!!!
The Orb Guardian decays.
The Orb Guardian is severely wounded.
You pound the Orb Guardian into fine dust!!!
You kill the Orb Guardian!
Okawaru accepts your kill.
(D) Dungeon (T) Temple (L) Lair (S) Swamp (N) Spider Nest (M) Slime Pits (O) Orcish Mines (E) Elven Halls (V) Vaults (C) Crypt (W) Tomb (U) Depths (H) Hell (I) Dis (G) Gehenna (X) Cocytus (Y) Tartarus (Z) Zot
Where to? (Enter - D:1 @ (x,y), ? - help)
There is a stone staircase leading up here.
You climb upwards.
There is a stone staircase leading down here.
There is an open door here.
An Orb Guardian comes into view.
You pummel the Orb Guardian like a punching bag!!!
The Orb Guardian decays.
You tail-slap the Orb Guardian.
The Orb Guardian is heavily wounded.
You block the Orb Guardian's attack.
You pound the Orb Guardian into fine dust!!!
The Orb Guardian decays.
You tail-slap the Orb Guardian, but do no damage.
The Orb Guardian is almost dead.
You pulverise the Orb Guardian!!!
You kill the Orb Guardian!
Okawaru accepts your kill.
You feel your intelligence returning.
No target in view!
There is a staircase leading out of the dungeon here.
You have escaped!

#.# #.##.# #..# #.###.##.# ##.###
#........############### #.[.#
#.########.............########.#
#.####..........⌠..........####.#
#.##...⌠.................⌠...##..
.##........⌠.........⌠........##.
##.............................#.
##...⌠...(......z..........⌠...#.
##.............................#.
.##........⌠.........⌠........##.
..##...⌠.................⌠...##..
#..###..........⌠..........###..#
†...###'##.............##'##.....
###.###..###############......_..
#..##.....................#.#.#
#..............................


There were no monsters in sight!

Vanquished Creatures
  Cerebov (Pan)
  Asmodeus (Geh:7)
  the Royal Jelly (Slime:5)
  Ereshkigal (Tar:7)
  Gloorx Vloq (Pan)
  Lom Lobon (Pan)
  the Serpent of Hell (Arena)
  Mnoleg (Pan)
  4 dread liches
  9 orbs of fire
  Dispater (Dis:7)
  7 ancient liches
  Mennas (Tomb:3)
  A juggernaut (Depths:4)
  The ghost of Foeck the Wrestler, a veteran TrCK of Xom (Zot:2)
  13 royal mummies
  Sojobo (Vaults:4)
  Boris (Tomb:2)
  Josephina (Crypt:3)
  6 Killer Klowns
  Margery (Crypt:3)
  14 shard shrikes
  4 pandemonium lords (Pan)
  14 caustic shrikes (Dis:7)
  Bai Suzhen (Spider:4)
  Xtahua (Vaults:4)
  4 curse toes
  Jory (Depths:2)
  Geryon (Hell)
  8 golden dragons
  25 bone dragons
  7 profane servitors
  Nikola (Vaults:1)
  A pearl dragon (Abyss:3)
  15 Tzitzimimeh
  3 iron giants
  2 electric golems (Zot:5)
  21 Brimstone Fiends
  14 doom hounds
  13 tentacled monstrosities
  4 hellephants
  2 shard shrike skeletons (Tar:7)
  Jorgrun (Orc:1)
  23 Hell Sentinels
  10 liches
  14 Ice Fiends
  11 tainted leviathans
  Grunn (Crypt:2)
  12 titans
  17 searing wretches
  27 Orb Guardians
  25 acid blobs
  12 quicksilver dragons
  9 death cobs
  11 sphinxes
  26 Executioners
  Kirke (Swamp:3)
  4 thorn hunters
  35 ancient champions
  A tentacled starspawn (Abyss:4)
  Aizul (Swamp:1)
  8 draconian monks
  7 demonspawn warmongers (Pan)
  10 azure jellies
  8 shadow dragons
  A daeva (Abyss:3)
  5 tengu reavers
  3 revenants
  17 storm dragons
  5 rockslimes (Slime:5)
  29 fire giants
  18 narguns
  Donald (Elf:1)
  7 iron dragons
  15 frost giants
  47 balrugs
  5 draconian knights
  Louise (Spider:4)
  6 draconian scorchers
  14 deep elf sorcerers
  2 spectral caustic shrikes
  8 shard shrike simulacra
  10 quicksilver elementals
  4 emperor scorpions (Spider:4)
  3 curse skulls
  5 deep elf elementalists
  10 ghost moths
  A juggernaut zombie (D:15)
  2 caustic shrike zombies (Tar:7)
  3 orc warlords
  An angel (Pan)
  11 vault wardens
  30 war gargoyles
  20 cacodemons
  4 draconian shifters
  18 ironbound preservers
  A spectral juggernaut (Tar:1)
  6 demonspawn corrupters (Pan)
  16 stone giants
  19 very ugly things
  7 draconian annihilators
  20 reapers
  5 draconian stormcallers
  8 demonspawn blood saints (Pan)
  13 ghouls
  3 quicksilver oozes (Slime:5)
  6 eleionomae
  A spriggan defender (Depths:3)
  4 broodmothers
  6 ironbound thunderhulks
  4 vampire knights
  10 green draconians
  14 elemental wellsprings
  12 bennus (Tomb:3)
  8 demonspawn black suns (Pan)
  17 lorocyprocas
  16 black draconians
  9 deep elf demonologists
  16 dire elephants
  7 spark wasps
  5 bunyips
  6 wendigos
  12 purple draconians
  9 putrid mouths
  13 deep elf annihilators
  8 white draconians
  14 eidola
  9 red draconians
  7 yellow draconians
  11 blizzard demons
  23 iron golems
  10 deep elf death magi
  16 ettins
  17 mummy priests
  6 crystal guardians
  A spectral quicksilver dragon (Tar:2)
  6 jiangshi
  8 green deaths
  15 great orbs of eyes
  7 deep elf high priests
  11 fire dragons
  12 yaktaur captains
  A spriggan zombie (Tar:7)
  6 entropy weavers
  24 hydras
  2 shambling mangroves (Swamp:4)
  7 caustic shrike simulacra
  7 rakshasas
  A peacekeeper (Vaults:3)
  8 ice dragons
  16 salamander tyrants
  The ghost of Olagoem the Summoner, a journeyman BaIE of the Shining One (Orc:1)
  30 vault guards
  4 ogre magi
  3 spriggan air magi
  A quicksilver dragon skeleton (Tar:7)
  The ghost of Gelion the Mimic, a novice TrSh of Gozag (D:8)
  A jorogumo (Spider:4)
  7 hell beasts
  2 juggernaut simulacra
  2 radroaches
  2 death knights
  7 ironbound frosthearts
  A spectral stone giant (Tar:1)
  12 centaur warriors
  6 death yaks (Lair:3)
  3 spriggan skeletons
  3 tengu warriors
  10 boulder beetles
  7 two-headed ogres
  2 naga warriors (Abyss:3)
  34 dancing weapons
  7 deep troll shamans
  5 alligators
  2 fenstrider witch skeletons
  An azure jelly zombie (Crypt:3)
  7 deep troll earth magi
  7 stokers
  18 demonic crawlers
  18 death scarabs
  A spectral storm dragon (Tar:1)
  33 hell hogs
  16 vampire magi
  5 spriggan berserkers
  A shock serpent (shapeshifter) (Vaults:5)
  10 orc high priests
  4 wretched stars
  31 hell knights
  4 thrashing horrors
  3 spectral nagas
  11 spriggans
  87 sun demons
  42 soul eaters
  37 shadow wraiths
  12 deep elf knights
  25 sixfirhies
  A skyshark (Lair:3)
  17 crystal echidnas
  38 skeletal warriors
  A death drake (Abyss:4)
  12 iron trolls
  62 deep trolls
  A spatial maelstrom (Abyss:4)
  3 goliath frogs
  A storm dragon skeleton (Crypt:3)
  3 pharaoh ants
  5 glowing orange brains
  A spectral bunyip (Tar:1)
  6 flayed ghosts
  3 spriggan druids
  10 orb spiders
  An anaconda zombie (Hell)
  4 shadow demons (Pan)
  11 swamp dragons
  2 orange crystal statues (IceCv)
  14 wizards
  4 quicksilver dragon simulacra
  A shadow dragon zombie (D:15)
  A kraken simulacrum (Hell)
  17 phantasmal warriors
  4 orc knights (Orc:2)
  14 deep elf archers
  3 lindwurms
  11 spriggan simulacra
  11 bog bodies
  13 ironbound convokers
  A broodmother zombie (Crypt:1)
  8 steelbarb worms
  2 harpies
  36 deep elf pyromancers
  A spectral hydra (Tar:2)
  A tengu skeleton (D:15)
  A goliath frog zombie (Crypt:1)
  26 deep elf zephyrmancers
  49 ugly things
  16 necromancers
  2 manticores
  7 shining eyes
  A shadow dragon skeleton (Crypt:3)
  18 wolf spiders
  A fire giant zombie (D:15)
  2 anaconda skeletons
  21 moths of wrath
  8 cyclopes
  A spectral ettin (Tar:4)
  5 will-o-the-wisps
  2 worldbinders
  10 orc sorcerers
  A toenail golem (Abyss:4)
  Maurice (Orc:2)
  A black mamba (Lair:3)
  A water nymph (shapeshifter) (Vaults:5)
  20 elephants
  A dire elephant zombie (Crypt:2)
  4 eyes of devastation
  25 orange demons (Pan)
  46 smoke demons
  2 ice statues (Hell)
  2 naga zombies
  8 apocalypse crabs (Zot:2)
  3 rust devils
  10 molten gargoyles
  A guardian serpent (Abyss:3)
  15 cane toads
  25 vault sentinels
  5 titan simulacra
  10 torpor snails
  7 gargoyles
  2 unseen horrors (Depths:1)
  A minotaur zombie (Crypt:3)
  25 hellions
  A dire elephant skeleton (Pan)
  A naga skeleton (Pan)
  A kobold demonologist (D:12)
  4 rime drakes
  27 yaktaurs
  3 anaconda simulacra
  8 efreet
  A red draconian skeleton (Crypt:3)
  3 tengu conjurers
  A pale draconian skeleton (Crypt:3)
  33 tormentors
  12 komodo dragons
  27 freezing wraiths
  A yaktaur (shapeshifter) (Abyss:4)
  2 iron giant simulacra
  11 red devils
  4 ice devils
  3 golden dragon simulacra
  2 ancient zymes (Abyss:4)
  9 trolls
  12 polar bears
  17 starcursed masses
  3 meliai (Spider:4)
  A meliai (shapeshifter) (D:8)
  22 hellwings (Pan)
  10 tyrant leeches
  A silent spectre (Abyss:3)
  2 spectral guardian serpents (Crypt:2)
  A death drake zombie (Crypt:2)
  3 hydra zombies
  35 guardian mummies
  52 large abominations
  20 hornets
  An ice dragon zombie (Crypt:1)
  A tarantella (shapeshifter) (D:8)
  26 tarantellas
  3 hydra skeletons
  20 blink frogs
  3 ettin zombies
  16 raiju
  42 slime creatures
  2 alligator zombies (Hell)
  A boulder beetle zombie (Crypt:1)
  8 centaur simulacra
  A draconian simulacrum (Tomb:3)
  17 culicivoras
  2 stone giant simulacra
  32 flying skulls
  19 jumping spiders
  10 dire elephant simulacra
  A spriggan (shapeshifter) (D:8)
  2 ettin skeletons
  18 ynoxinuls
  A shadow (D:11)
  8 wraiths
  7 wyverns
  3 air elementals
  3 fire elementals
  A vampire (Depths:2)
  13 humans
  6 basilisks
  A fire dragon skeleton (Pan)
  9 ushabtiu
  38 yaks
  2 fire bats (Depths:3)
  19 golden eyes
  24 chaos spawn
  5 water elementals
  3 steam dragons
  A hog (Swamp:3)
  A sea snake simulacrum (Hell)
  35 neqoxecs
  30 redbacks
  An alligator snapping turtle simulacrum (Crypt:3)
  18 vampire mosquitoes
  A minotaur simulacrum (Spider:4)
  A naga (shapeshifter) (Vaults:5)
  A swamp worm (shapeshifter) (Depths:3)
  4 acid dragons
  20 swamp worms
  3 wargs
  18 harpy simulacra
  6 hydra simulacra
  A naga (Abyss:3)
  15 water moccasins
  5 small abominations
  An ice beast (D:7)
  Duvessa (D:5)
  3 floating eyes
  33 orc warriors
  8 swamp drakes
  9 black bears
  2 alligator simulacra
  7 ettin simulacra
  A black mamba simulacrum (Crypt:3)
  8 ogres
  10 wolves
  2 boggarts (Depths:2)
  17 centaurs
  2 phantoms
  A wolf (shapeshifter) (Vaults:5)
  A kobold brigand (D:9)
  A fire crab zombie (Crypt:3)
  15 bullfrogs
  3 necrophages
  2 gnoll sergeants
  A scorpion (D:5)
  A demonspawn simulacrum (Crypt:1)
  2 naga simulacra
  A deep troll simulacrum (Spider:4)
  2 earth elementals (Elf:3)
  An elf skeleton (Crypt:2)
  2 water moccasin zombies (D:5)
  17 wights
  Dowan (D:5)
  A warg skeleton (Crypt:1)
  A swamp dragon simulacrum (Crypt:1)
  4 killer bees (D:9)
  A lindwurm simulacrum (Spider:4)
  8 electric eels
  2 howler monkeys
  6 crimson imps
  A human zombie (D:5)
  A centaur zombie (Crypt:3)
  A bullfrog zombie (D:5)
  2 hounds (D:6)
  3 iron imps (D:10)
  3 jellies
  23 orc priests
  8 iguanas
  2 scorpion zombies
  2 sleepcaps
  5 hell rats (Hell)
  Natasha (D:4)
  A boggart zombie (Crypt:2)
  34 orc wizards
  A human skeleton (Crypt:1)
  2 spectral hounds (Depths:2)
  An acid dragon skeleton (Crypt:1)
  2 hound zombies (D:5)
  23 mummies
  A howler monkey zombie (Crypt:1)
  18 gnolls
  9 adders
  A shadow imp (D:6)
  2 white imps
  3 ufetubi
  An adder zombie (D:5)
  2 worms
  3 dart slugs (D:1)
  91 orcs
  A ball python (shapeshifter) (D:8)
  8 ball pythons
  A bat skeleton (Crypt:2)
  8 endoplasms
  6 giant cockroaches
  6 goblins
  7 hobgoblins
  6 jackals
  15 kobolds
  2 quokkas
  6 bats
  4 frilled lizards
  A frilled lizard skeleton (Crypt:3)
  An orc skeleton (Crypt:2)
  A quokka skeleton (Crypt:2)
  5 rats
  4 creeping infernos
  18 fire vortices
  A lurking horror (Abyss:3)
3941 creatures vanquished.

Vanquished Creatures (others)
  A dread lich (Coc:2)
  A cacodemon (Pan)
  A shard shrike simulacrum (Coc:7)
  2 wendigos
  2 caustic shrike simulacra
  A juggernaut simulacrum (Coc:3)
  A death scarab (Tomb:3)
  2 sun demons
  A quicksilver dragon simulacrum (Coc:7)
  A swamp dragon (Swamp:1)
  A deep elf zephyrmancer (Elf:3)
  A titan simulacrum (Coc:4)
  A molten gargoyle (Hell)
  An anaconda simulacrum (Coc:4)
  An iron giant simulacrum (Coc:2)
  3 bloated husks
  A stone giant simulacrum (Coc:2)
  A jumping spider (Spider:4)
  2 air elementals (Elf:1)
  A water elemental (Hell)
  4 harpy simulacra
  A steam dragon skeleton (Crypt:3)
  An orc (D:11)
  2 ball lightnings (Pan)
  14 foxfires
  6 starspawn tentacles (Abyss:4)
  4 tentacles (Hell)
58 creatures vanquished.

Grand Total: 3999 creatures vanquished

Notes
Turn   | Place    | Note
-------+----------+-------------------------------------------
     0 | D:1      | Midn8 the Draconian Brigand began the quest for the Orb.
     0 | D:1      | Reached XP level 1. HP: 17/17 MP: 1/1
    67 | D:1      | Reached skill level 1 in Unarmed Combat
   141 | D:1      | Reached XP level 2. HP: 20/24 MP: 2/2
   300 | D:1      | Found a faded altar of an unknown god.
   525 | D:1      | Found Fatin's Magic Scroll Emporium.
   761 | D:2      | Reached XP level 3. HP: 29/29 MP: 3/3
   808 | D:2      | Found an iron altar of Okawaru.
   819 | D:2      | Became a worshipper of Warmaster Okawaru
  1150 | D:1      | Bought a scroll of identify for 24 gold pieces
  1293 | D:2      | Reached XP level 4. HP: 26/36 MP: 4/4
  1346 | D:2      | Found Yghick's Assorted Antiques.
  1675 | D:2      | Bought a scroll labelled SOUH TEUTEM for 20 gold pieces
  2172 | D:3      | Noticed a water moccasin
  2185 | D:3      | Killed a water moccasin
  2186 | D:3      | Reached skill level 5 in Unarmed Combat
  2186 | D:3      | Reached XP level 5. HP: 39/41 MP: 5/5
  2218 | D:3      | Found a basalt altar of Yredelemnul.
  2402 | D:1      | Bought a scroll of teleportation for 36 gold pieces
  2686 | D:4      | Reached * piety under Okawaru
  2687 | D:4      | Reached XP level 6. HP: 48/48 MP: 6/6
  2723 | D:4      | Found a broken altar of Ashenzari.
  2966 | D:4      | Noticed Natasha
  2975 | D:4      | Killed Natasha
  3422 | D:4      | Reached skill level 1 in Invocations
  3422 | D:4      | Your scales start taking on a dull iron-grey colour.
  3422 | D:4      | Reached XP level 7. HP: 43/55 MP: 6/8
  3509 | D:4      | Identified the +7 dagger of Untruth {elec, *Slow rF+ Str+3
                  | SInv}
  3765 | D:1      | Bought a scroll of enchant armour for 90 gold pieces
  3863 | D:5      | Entered Level 5 of the Dungeon
  4611 | D:5      | Noticed Dowan
  4613 | D:5      | Noticed Duvessa
  4797 | D:5      | Killed Duvessa
  4803 | D:5      | Killed Dowan
  4803 | D:5      | Reached ** piety under Okawaru
  4804 | D:5      | Reached skill level 5 in Invocations
  4962 | D:5      | Reached XP level 8. HP: 65/66 MP: 10/12
  5085 | D:5      | Found an ancient bone altar of Kikubaaqudgha.
  5148 | D:6      | Found a staircase to the Ecumenical Temple.
  5554 | D:6      | Found Zuerav's General Store.
  5778 | D:6      | Found Poupt's Jewellery Boutique.
  5795 | D:6      | Reached skill level 5 in Fighting
  5829 | D:6      | Reached *** piety under Okawaru
  5845 | D:6      | HP: 3/69 [something (6)]
  5846 | D:6      | Reached skill level 1 in Dodging
  5846 | D:6      | Reached XP level 9. HP: 3/75 MP: 10/13
  6339 | D:6      | Found Ohiper's Distillery.
  7267 | D:7      | Found a sparkling altar of Nemelex Xobeh.
  7562 | D:8      | Received a gift from Okawaru
  7701 | D:8      | Found an opulent altar of Gozag.
  8094 | D:8      | Found a runed translucent gate.
  8094 | D:8      | Found a runed translucent gate.
  8094 | D:8      | Found a runed translucent gate.
  8094 | D:8      | Noticed a purple ugly thing
  8112 | D:8      | Noticed a white ugly thing
  8112 | D:8      | Noticed a purple ugly thing
  8112 | D:8      | Noticed a purple ugly thing
  8426 | D:9      | Reached skill level 10 in Unarmed Combat
  8447 | D:9      | Reached skill level 1 in Shapeshifting
  8713 | D:9      | Reached XP level 10. HP: 79/84 MP: 14/14
  8743 | D:9      | Reached **** piety under Okawaru
  8757 | D:9      | Reached skill level 5 in Shapeshifting
  9167 | D:9      | Found a hazy altar of Hepliaklqana.
  9482 | D:9      | Found a shadowy altar of Dithmenos.
  9592 | D:9      | Noticed a two-headed ogre
  9601 | D:9      | Killed a two-headed ogre
  9815 | D:10     | Entered Level 10 of the Dungeon
  9842 | D:10     | Noticed a gargoyle
  9865 | D:10     | Killed a gargoyle
 10136 | D:10     | Noticed a demonic crawler
 10167 | D:10     | Found a burning altar of Makhleb.
 10178 | D:10     | Reached ***** piety under Okawaru
 10390 | D:10     | Found a white marble altar of Elyvilon.
 10501 | D:10     | Noticed a gargoyle
 10513 | D:10     | Killed a gargoyle
 10514 | D:10     | Reached XP level 11. HP: 67/91 MP: 15/15
 10797 | D:11     | Found a staircase to the Orcish Mines.
 11448 | D:11     | Received a gift from Okawaru
 11631 | D:11     | Identified the +1 cloak of Shielding {Rampage rN+ Str+7
                  | Dex-3} (Okawaru gifted it to you on level 11 of the
                  | Dungeon)
 11631 | D:11     | Received a gift from Okawaru
 11668 | D:11     | Found a staircase to the Lair.
 11884 | D:11     | Noticed a centaur warrior
 11896 | D:11     | Killed a centaur warrior
 12404 | Lair:1   | Entered Level 1 of the Lair of Beasts
 13338 | Lair:2   | Reached XP level 12. HP: 100/104 MP: 16/16
 13482 | Lair:2   | Noticed a five-headed hydra
 13520 | Lair:2   | Killed a five-headed hydra
 13751 | Lair:2   | Received a gift from Okawaru
 13883 | Lair:2   | Identified the staff of Domination {rPois rF+ Will+ Fire}
 13884 | Lair:2   | Found a hole to the Spider Nest.
 13900 | Lair:2   | Reached skill level 10 in Fighting
 14503 | D:6      | Bought the amulet "Dosir" {Drain rN+ Will+ Regen+ rCorr}
                  | for 561 gold pieces
 14734 | Lair:2   | Noticed a five-headed hydra
 14739 | Lair:2   | Killed a five-headed hydra
 14755 | Lair:2   | Identified the +1 arbalest of the Little People {flame,
                  | Str-3 Int+3} (Okawaru gifted it to you on level 2 of the
                  | Lair of Beasts)
 14755 | Lair:2   | Received a gift from Okawaru
 15378 | Lair:2   | Found a staircase to the Swamp.
 15497 | Lair:3   | Identified the +2 pair of boots of the Ward {rPois rN+}
                  | (Okawaru gifted it to you on level 3 of the Lair of Beasts)
 15497 | Lair:3   | Received a gift from Okawaru
 15609 | Lair:3   | Reached ****** piety under Okawaru
 15656 | Lair:3   | Reached skill level 15 in Unarmed Combat
 15656 | Lair:3   | Reached XP level 13. HP: 116/116 MP: 17/17
 16246 | Lair:3   | Received a gift from Okawaru
 16601 | Lair:4   | Identified the +7 triple sword of the Evening {elec, Dex+5
                  | Stlth+} (Okawaru gifted it to you on level 4 of the Lair of
                  | Beasts)
 16601 | Lair:4   | Received a gift from Okawaru
 16968 | Lair:4   | Identified the +1 rapier of the Endless Expanse {flame,
                  | +Blink}
 17148 | Lair:5   | Entered Level 5 of the Lair of Beasts
 17164 | Lair:5   | Identified the +4 scale mail "Ecev" {Drain +Inv rN+ Dex+6}
 17337 | Lair:5   | Reached skill level 5 in Dodging
 17472 | Lair:5   | Identified the +3 pair of gloves "Ykepymoy" {Rampage rC-
                  | Int+3 Dex+3} (Okawaru gifted it to you on level 5 of the
                  | Lair of Beasts)
 17472 | Lair:5   | Received a gift from Okawaru
 17657 | Lair:5   | Found a staircase to the Slime Pits.
 17657 | Lair:5   | Found a viscous altar of Jiyva.
 17868 | Lair:5   | Reached XP level 14. HP: 119/127 MP: 18/18
 18217 | Lair:5   | Found a runed translucent door.
 18933 | D:1      | Bought a scroll of revelation for 90 gold pieces
 18933 | D:1      | Bought a scroll of teleportation for 36 gold pieces
 18933 | D:1      | Bought a scroll of identify for 24 gold pieces
 18933 | D:1      | Bought a scroll of identify for 24 gold pieces
 19096 | D:6      | Bought a potion of invisibility for 88 gold pieces
 19096 | D:6      | Bought 2 potions of might for 88 gold pieces
 20010 | D:13     | Found a bloodstained altar of Trog.
 20328 | D:13     | Received a gift from Okawaru
 20790 | D:13     | Identified a ring "Qechaeho" {rCorr Dex+2}
 21040 | D:13     | Gained mutation: Your muscles are strong. (Str +4, Int/Dex
                  | -1) [potion of mutation]
 21040 | D:13     | Gained mutation: Your magical capacity is low. (-10% MP)
                  | [potion of mutation]
 21152 | Orc:1    | Entered Level 1 of the Orcish Mines
 21189 | Orc:1    | Reached skill level 1 in Shields
 21313 | Orc:2    | Entered Level 2 of the Orcish Mines
 21346 | Orc:2    | Received a gift from Okawaru
 21362 | Orc:2    | Found a staircase to the Elven Halls.
 21393 | Orc:1    | Noticed Jorgrun
 21414 | Orc:1    | Killed Jorgrun
 21511 | Orc:1    | Found a runed translucent door.
 21512 | Orc:1    | Noticed Olagoem's ghost (journeyman BaIE)
 21527 | Orc:1    | Killed Olagoem's ghost
 21689 | Orc:2    | Reached XP level 15. HP: 137/137 MP: 18/18
 21862 | Orc:2    | Reached skill level 5 in Shields
 22132 | Orc:2    | Identified the +0 pair of boots of Cloud Cover {+Inv rElec
                  | rCorr} (Okawaru gifted it to you on level 2 of the Orcish
                  | Mines)
 22132 | Orc:2    | Received a gift from Okawaru
 22436 | Orc:2    | Paralysed by an orc sorcerer for 3 turns
 22475 | Orc:2    | Found Heppisut's Antique Armour Emporium.
 22480 | Orc:2    | Found Gehih's Antique Weapon Emporium.
 22482 | Orc:2    | Found Elasaew's General Store.
 22482 | Orc:2    | Found Hygieg's Book Shoppe.
 22497 | Orc:2    | Bought a scroll of blinking for 112 gold pieces
 22497 | Orc:2    | Bought a wand of iceblast (7) for 252 gold pieces
 22614 | Orc:1    | Noticed Maurice
 22647 | Orc:2    | Killed Maurice
 23115 | D:14     | Found a gate to the Vaults.
 23660 | D:15     | Entered Level 15 of the Dungeon
 23675 | D:15     | Reached skill level 10 in Shields
 23676 | D:15     | Found a gate leading to a gauntlet.
 23768 | Gauntlet | Entered a Gauntlet
 23768 | Gauntlet | Found a transporter.
 23768 | Gauntlet | Found a transporter.
 23768 | Gauntlet | Found a transporter.
 23768 | Gauntlet | Found a transporter.
 23774 | Gauntlet | Found a transporter.
 23785 | Gauntlet | Found a transporter.
 23785 | Gauntlet | Found a transporter.
 23808 | Gauntlet | Found a transporter.
 23816 | Gauntlet | Found a transporter.
 23833 | Gauntlet | Found a transporter.
 23841 | Gauntlet | Found a transporter.
 23858 | Gauntlet | Found a transporter.
 23992 | D:15     | Found a staircase to the Depths.
 24271 | D:15     | Received a gift from Okawaru
 25038 | Swamp:1  | Entered Level 1 of the Swamp
 25357 | Swamp:1  | Noticed a tentacled monstrosity
 25375 | Swamp:1  | Killed a tentacled monstrosity
 25376 | Swamp:1  | Reached XP level 16. HP: 118/147 MP: 17/19
 25516 | Swamp:1  | Received a gift from Okawaru
 25633 | Swamp:1  | Noticed Aizul
 25653 | Swamp:1  | Killed Aizul
 26159 | Swamp:1  | Received a gift from Okawaru
 26275 | Swamp:1  | Reached skill level 5 in Throwing
 26370 | Swamp:2  | Identified 2 scrolls of acquirement
 26371 | Swamp:2  | Acquired the ring of Lump {Wiz Will+ Int+3}
 26389 | Swamp:2  | Noticed a thorn hunter
 26401 | Swamp:2  | Killed a thorn hunter
 26889 | Swamp:3  | Received a gift from Okawaru
 26894 | Swamp:3  | Noticed Kirke
 26914 | Swamp:3  | Killed Kirke
 27040 | Swamp:3  | Identified the scarf of the Rhinotaur {repulsion, Fly rElec
                  | Will+} (Okawaru gifted it to you on level 3 of the Swamp)
 27040 | Swamp:3  | Received a gift from Okawaru
 27379 | Swamp:4  | Entered Level 4 of the Swamp
 27540 | Swamp:4  | Noticed a thorn hunter
 27553 | Swamp:4  | Killed a thorn hunter
 27554 | Swamp:4  | Reached skill level 15 in Fighting
 27689 | Swamp:4  | Got a decaying rune of Zot
 27737 | Swamp:4  | Noticed a thorn hunter
 27750 | Swamp:4  | Killed a thorn hunter
 27787 | Swamp:4  | Received a gift from Okawaru
 27868 | Swamp:4  | Noticed a thorn hunter
 27907 | Swamp:4  | Killed a thorn hunter
 27908 | Swamp:4  | Reached XP level 17. HP: 144/156 MP: 20/20
 28068 | Swamp:4  | Received a gift from Okawaru
 28314 | Spider:1 | Entered Level 1 of the Spider Nest
 29067 | Orc:2    | Bought a book of Winter for 442 gold pieces
 29071 | Orc:2    | Learned a level 3 spell: Ozocubu's Armour
 29344 | Spider:2 | Reached skill level 1 in Ice Magic
 29476 | Spider:2 | Reached skill level 1 in Spellcasting
 29869 | Spider:2 | Received a gift from Okawaru
 30502 | Spider:3 | Reached skill level 5 in Ice Magic
 30841 | Spider:4 | Entered Level 4 of the Spider Nest
 30942 | Spider:4 | Received a gift from Okawaru
 30960 | Spider:4 | Found a frozen archway.
 31044 | IceCv    | Entered an ice cave
 31313 | Spider:4 | Noticed Bai Suzhen
 31319 | Spider:4 | Received a gift from Okawaru
 31352 | Spider:4 | Killed Bai Suzhen
 31379 | Spider:4 | Reached XP level 18. HP: 100/166 MP: 18/21
 31483 | Spider:4 | Received a gift from Okawaru
 31728 | Spider:4 | Received a gift from Okawaru
 31808 | Spider:4 | Reached skill level 10 in Shapeshifting
 32027 | Spider:4 | Found a runed translucent door.
 32028 | Spider:4 | Found a shimmering altar of Xom.
 32028 | Spider:4 | Noticed RepHenryClay's ghost (adept DgCj)
 32028 | Spider:4 | Identified the +5 glaive of the Howling Spider {chaos,
                  | *Corrode rPois rF+++ rC+}
 32113 | Spider:4 | Noticed Louise
 32133 | Spider:4 | Killed Louise
 32222 | Spider:4 | Got a gossamer rune of Zot
 32953 | Vaults:1 | Entered Level 1 of the Vaults
 33129 | Elf:1    | Entered Level 1 of the Elven Halls
 33141 | Elf:1    | Noticed Donald
 33147 | Elf:1    | Killed Donald
 33230 | Elf:1    | Received a gift from Okawaru
 33387 | Elf:1    | Noticed a Hell Sentinel
 33565 | Elf:1    | Identified the +8 eveningstar "Qago Aqi" {heavy, Fly rElec}
 33663 | Elf:1    | Found Plog's Book Shoppe.
 33663 | Elf:1    | Found Hefi's Jewellery Boutique.
 33664 | Elf:1    | Found Nerazug's Jewellery Boutique.
 33813 | Elf:1    | Identified the +5 hand crossbow "Wareqaq" {drain, rPois rF+
                  | rCorr Str-3} (Okawaru gifted it to you on level 1 of the
                  | Elven Halls)
 33813 | Elf:1    | Received a gift from Okawaru
 33951 | Elf:1    | Noticed a Brimstone Fiend
 34612 | Elf:2    | Found Ijiaqedo's General Store.
 34629 | Elf:2    | Received a gift from Okawaru
 34984 | Elf:2    | Found a runed translucent gate.
 34984 | Elf:2    | Found a runed translucent gate.
 34984 | Elf:2    | Found a runed translucent gate.
 35065 | Elf:3    | Entered Level 3 of the Elven Halls
 35181 | Elf:3    | Received a gift from Okawaru
 35303 | Elf:3    | Paralysed by an air elemental for 1 turns
 35315 | Elf:3    | Paralysed by an air elemental for 1 turns
 35490 | Elf:3    | Got the Quarto of Productive Bombardment
 35549 | Elf:3    | Received a gift from Okawaru
 35550 | Elf:3    | Reached XP level 19. HP: 140/172 MP: 22/22
 35648 | Elf:3    | Identified the +3 flail of Zasy {heavy, Dex+2}
 35719 | Elf:3    | Found Gewkegarr's Weapon Shoppe.
 35765 | Elf:3    | Received a gift from Okawaru
 35773 | Elf:3    | Identified the ring "Deenweni" {Fire Dex+3}
 36151 | Elf:3    | Identified the +6 hand axe of Xyn Luann {antimagic, rC+}
 36543 | Elf:3    | Reached skill level 15 in Shapeshifting
 37237 | Elf:3    | Got the Exposition on Reconstruction
 37690 | Vaults:1 | Received a gift from Okawaru
 37949 | Vaults:1 | Identified the +2 pair of boots of the Thunderstorm {rCorr
                  | Stlth+} (Okawaru gifted it to you on level 1 of the Vaults)
 37949 | Vaults:1 | Received a gift from Okawaru
 38081 | Vaults:1 | Found a portal to a secret trove of treasure.
 38430 | Vaults:1 | Reached XP level 20. HP: 181/181 MP: 23/23
 38575 | Vaults:1 | Noticed Nikola
 38591 | Vaults:1 | Killed Nikola
 39488 | Vaults:2 | Identified the scarf of Ebitabrug {repulsion, Str+4}
                  | (Okawaru gifted it to you on level 2 of the Vaults)
 39488 | Vaults:2 | Received a gift from Okawaru
 40366 | Elf:1    | Bought a storm talisman for 2046 gold pieces
 40617 | Vaults:3 | Found Ruagug's Antique Weapon Boutique.
 40679 | Vaults:3 | Found Quogryl's Armour Shop.
 40954 | Vaults:3 | Found a staircase to the Crypt.
 41180 | Vaults:3 | Found Yffyiviwk's Antique Weapon Shoppe.
 41389 | Vaults:3 | Found Woucwa's Antique Weapon Boutique.
 41476 | Vaults:3 | Found Buhuigul's Assorted Antiques.
 41481 | Vaults:3 | Bought a potion of heal wounds for 145 gold pieces
 41481 | Vaults:3 | Bought a scroll of teleportation for 87 gold pieces
 41481 | Vaults:3 | Bought a scroll of fear for 116 gold pieces
 41653 | Vaults:4 | Noticed Xtahua
 41680 | Vaults:4 | Killed Xtahua
 41680 | Vaults:4 | Identified the +0 kite shield of Hyve {*Corrode Will+ Dex+7
                  | Stlth+} (Okawaru gifted it to you on level 4 of the Vaults)
 41680 | Vaults:4 | Received a gift from Okawaru
 41945 | Vaults:4 | Noticed Sojobo
 41977 | Vaults:4 | Killed Sojobo
 42240 | Vaults:4 | Found Tenlen's Magic Scroll Shop.
 42243 | Vaults:4 | Bought a scroll of teleportation for 60 gold pieces
 42243 | Vaults:4 | Bought a scroll of teleportation for 60 gold pieces
 42243 | Vaults:4 | Bought a scroll of teleportation for 60 gold pieces
 42243 | Vaults:4 | Bought a scroll of blinking for 150 gold pieces
 42313 | Vaults:4 | Reached XP level 21. HP: 165/188 MP: 24/24
 42733 | Crypt:1  | Entered Level 1 of the Crypt
 43451 | Crypt:1  | Identified the +1 pair of gloves of Zosm {rPois rF+++
                  | Regen+ Int-2} (Okawaru gifted it to you on level 1 of the
                  | Crypt)
 43451 | Crypt:1  | Received a gift from Okawaru
 44110 | Crypt:2  | Noticed Grunn
 44193 | Crypt:2  | Killed Grunn
 44699 | Crypt:2  | Received a gift from Okawaru
 45037 | Crypt:3  | Entered Level 3 of the Crypt
 45143 | Crypt:3  | Received a gift from Okawaru
 45196 | Crypt:3  | Found the +5 scythe "Finisher" {speed, execute}
 45203 | Crypt:3  | Noticed Margery
 45263 | Crypt:3  | Killed Margery
 45484 | Crypt:3  | Found a runed translucent gate.
 45484 | Crypt:3  | Found a runed translucent gate.
 45484 | Crypt:3  | Found a runed translucent gate.
 45486 | Crypt:3  | Found an opulent altar of Gozag.
 45489 | Crypt:3  | Noticed Zievuyg's ghost (adept MiFi)
 45543 | Crypt:3  | Reached skill level 10 in Dodging
 45552 | Crypt:3  | Identified the ring "Jyx Vologg" {Ice Int+3}
 45552 | Crypt:3  | Noticed Josephina
 45587 | Crypt:3  | Killed Josephina
 45714 | Crypt:3  | Reached XP level 22. HP: 200/200 MP: 25/25
 45749 | Crypt:3  | Identified the staff of the End {rPois rC+ Ice}
 46071 | Crypt:3  | Noticed a dread lich
 46196 | Crypt:3  | Killed a dread lich
 46204 | Crypt:3  | Noticed an ancient lich
 46220 | Crypt:3  | Killed an ancient lich
 46339 | Crypt:3  | Identified the +2 short sword "Deilot" {flame, rElec rF++
                  | Int+2 Dex-4}
 46445 | Crypt:3  | Found a staircase to the Tomb.
 46886 | Depths:1 | Entered Level 1 of the Depths
 47078 | Depths:1 | Found a gateway to Hell.
 47456 | Depths:1 | Received a gift from Okawaru
 47462 | Depths:1 | Identified the +10 flail of Compassion {freeze, rF- rCorr
                  | Dex+4}
 47475 | Depths:1 | Identified the +3 sling "Uweemp" {drain, rElec rF- Stlth+}
 47768 | Depths:1 | Found Unlouz's Magic Scroll Boutique.
 47826 | Depths:1 | Found a one-way gate to the infinite horrors of the Abyss.
 47834 | Depths:1 | Received a gift from Okawaru
 47919 | Depths:2 | Found Jiuz's Magic Scroll Shoppe.
 48006 | Depths:2 | Bought a scroll of teleportation for 57 gold pieces
 48049 | Depths:2 | Received a gift from Okawaru
 48497 | Depths:2 | Found a runed translucent door.
 48617 | Depths:2 | Found a one-way gateway to a ziggurat.
 48715 | Depths:2 | Found a one-way gate leading to the halls of Pandemonium.
 49031 | Depths:2 | Found an ancient bone altar of Kikubaaqudgha.
 49204 | Depths:2 | Noticed a royal mummy
 49224 | Depths:2 | Killed a royal mummy
 49224 | Depths:2 | Received a gift from Okawaru
 49422 | Depths:2 | Found The Legendary Qiybeec's Legendary Smithy.
 49442 | Depths:2 | Found Gyusimao's General Store.
 49460 | Depths:2 | Bought a wand of mindburst (3) for 88 gold pieces
 49492 | Depths:2 | Found Inesubes's Miraculous Elixirs.
 49508 | Depths:2 | Reached XP level 23. HP: 210/213 MP: 26/26
 49523 | Depths:2 | Found a sacrificial altar of Ru.
 50008 | D:8      | Found a runed translucent gate.
 50008 | D:8      | Found a runed translucent gate.
 50015 | D:8      | Found a runed translucent gate.
 50021 | D:8      | Noticed Gelion's ghost (novice TrSh)
 50045 | D:8      | Killed Gelion's ghost
 50551 | Depths:2 | Learned a level 1 spell: Apportation
 50823 | Depths:2 | Identified the staff "Riti" {Fragile rElec rPois Str+5
                  | Poison}
 50876 | Depths:3 | Found a transporter.
 50876 | Depths:3 | Found Lozer's Antique Weapon Shop.
 50896 | Depths:3 | Noticed Jory
 50947 | Depths:2 | Killed Jory
 50975 | Depths:3 | Found Goapum's Weapon Boutique.
 51034 | Depths:3 | Found a radiant altar of Vehumet.
 51394 | Depths:3 | Found an iron altar of Okawaru.
 51876 | Depths:4 | Entered Level 4 of the Depths
 51876 | Depths:4 | Noticed a juggernaut
 51905 | Depths:4 | Killed a juggernaut
 52005 | Depths:4 | Identified the +7 dagger "Regeent" {flame, *Noise rElec rF-
                  | rC+++} (Okawaru gifted it to you on level 4 of the Depths)
 52005 | Depths:4 | Received a gift from Okawaru
 52101 | Depths:4 | Found a transporter.
 52668 | Depths:4 | Found a gate to the Realm of Zot.
 52746 | Depths:4 | Found a transporter.
 53152 | Vaults:5 | Entered Level 5 of the Vaults
 53217 | Vaults:5 | Received a gift from Okawaru
 53286 | Vaults:5 | Got a silver rune of Zot
 53402 | Vaults:5 | Received a gift from Okawaru
 53502 | Vaults:5 | Identified the +6 flail of Doubt {freeze, rPois rN+ Int-5
                  | Dex+4}
 53663 | Vaults:5 | Received a gift from Okawaru
 53668 | Vaults:5 | Reached XP level 24. HP: 225/231 MP: 26/26
 53848 | Vaults:5 | Identified the +4 pair of boots of Cocvaec {rF+ MP+9}
                  | (Okawaru gifted it to you on level 5 of the Vaults)
 53848 | Vaults:5 | Received a gift from Okawaru
 53849 | Vaults:5 | Reached skill level 10 in Invocations
 53932 | Vaults:5 | Identified the amulet "Usioq" {Spirit +Inv}
 54164 | Vaults:5 | Noticed an ancient lich
 54169 | Vaults:5 | Killed an ancient lich
 54767 | Vaults:5 | Identified the +4 rapier of Fury {speed, Will+ MP-9 SInv}
 54916 | Vaults:5 | Learned a level 4 spell: Manifold Assault
 55213 | Zot:1    | Entered Level 1 of the Realm of Zot
 55288 | Zot:1    | Noticed an orb of fire
 55301 | Zot:1    | Killed an orb of fire
 55918 | Zot:1    | Identified the +2 hat of Divine Intervention {rElec rF+
                  | Str+2} (Okawaru gifted it to you on level 1 of the Realm of
                  | Zot)
 55918 | Zot:1    | Received a gift from Okawaru
 57022 | Zot:2    | Found a runed translucent gate.
 57022 | Zot:2    | Found a runed translucent gate.
 57022 | Zot:2    | Found a runed translucent gate.
 57028 | Zot:2    | Noticed Foeck's ghost (veteran TrCK)
 57203 | Zot:2    | Found a huge runed gate.
 57203 | Zot:2    | Found a huge runed gate.
 57203 | Zot:2    | Found a huge runed gate.
 57203 | Zot:2    | Found a huge runed gate.
 57203 | Zot:2    | Found a huge runed gate.
 57203 | Zot:2    | Found a huge runed gate.
 57203 | Zot:2    | Found a huge runed gate.
 57203 | Zot:2    | Found a huge runed gate.
 57203 | Zot:2    | Found a huge runed gate.
 57203 | Zot:2    | Found a huge runed gate.
 57230 | Zot:2    | Found a huge runed gate.
 57230 | Zot:2    | Found a huge runed gate.
 57230 | Zot:2    | Found a huge runed gate.
 57279 | Zot:2    | Found a huge runed gate.
 57280 | Zot:2    | Found a huge runed gate.
 57281 | Zot:2    | Found a huge runed gate.
 57282 | Zot:2    | Found a huge runed gate.
 57283 | Zot:2    | Found a huge runed gate.
 57284 | Zot:2    | Found a huge runed gate.
 57285 | Zot:2    | Found a huge runed gate.
 57286 | Zot:2    | Found a huge runed gate.
 57287 | Zot:2    | Found a huge runed gate.
 57295 | Zot:2    | Found a huge runed gate.
 57295 | Zot:2    | Found a huge runed gate.
 57295 | Zot:2    | Found a huge runed gate.
 57295 | Zot:2    | Found a huge runed gate.
 57295 | Zot:2    | Found a huge runed gate.
 57295 | Zot:2    | Found a huge runed gate.
 57296 | Zot:2    | Found a huge runed gate.
 57297 | Zot:2    | Found a huge runed gate.
 57298 | Zot:2    | Found a huge runed gate.
 57306 | Zot:2    | Found a huge runed gate.
 57306 | Zot:2    | Found a huge runed gate.
 57306 | Zot:2    | Found a huge runed gate.
 57306 | Zot:2    | Found a huge runed gate.
 57306 | Zot:2    | Found a huge runed gate.
 57405 | Zot:2    | Paralysed by you for 5 turns
 57445 | Zot:2    | Reached XP level 25. HP: 249/249 MP: 28/28
 57461 | Zot:2    | Paralysed by you for 2 turns
 57725 | Zot:2    | Killed Foeck's ghost
 58146 | Zot:3    | Noticed a Killer Klown
 58157 | Zot:3    | Killed a Killer Klown
 58186 | Zot:3    | Noticed a Killer Klown
 58204 | Zot:3    | Killed a Killer Klown
 58207 | Zot:3    | Noticed a Killer Klown
 58219 | Zot:3    | Killed a Killer Klown
 58372 | Zot:3    | Identified the +0 pair of boots of Nemelex Xobeh, Sharing
                  | {rN+}
 58410 | Zot:3    | Received a gift from Okawaru
 58410 | Zot:3    | Found the +3 pair of gauntlets of War {Slay+5}
 59043 | Zot:4    | Found Jisoitz's CLEARANCE SALE!.
 59610 | Zot:5    | Entered Level 5 of the Realm of Zot
 60128 | Zot:5    | Noticed an ancient lich
 60128 | Zot:5    | Noticed a dread lich
 60130 | Zot:5    | Noticed an ancient lich
 60154 | Zot:5    | Killed an ancient lich
 60159 | Zot:5    | Killed a dread lich
 60163 | Zot:5    | Noticed a Killer Klown
 60181 | Zot:5    | Killed an ancient lich
 60226 | Zot:5    | Killed a Killer Klown
 60350 | Zot:5    | Noticed a Killer Klown
 60369 | Zot:5    | Noticed an orb of fire
 60379 | Zot:5    | Identified the +1 short sword "Dragonbane" {flame, *Rage
                  | rF+ rCorr SInv} (Okawaru gifted it to you on level 5 of the
                  | Realm of Zot)
 60379 | Zot:5    | Received a gift from Okawaru
 60385 | Zot:5    | Killed an orb of fire
 60415 | Zot:5    | Killed a Killer Klown
 60427 | Zot:5    | Noticed an orb of fire
 60445 | Zot:5    | Killed an orb of fire
 60469 | Zot:5    | Noticed an orb of fire
 60494 | Zot:5    | Killed an orb of fire
 60707 | Zot:5    | Reached XP level 26. HP: 263/264 MP: 28/28
 60714 | Zot:5    | Reached skill level 15 in Shields
 60733 | Zot:5    | Noticed an orb of fire
 60746 | Zot:5    | Killed an orb of fire
 60761 | Zot:5    | Reached skill level 27 in Fighting
 60763 | Zot:5    | Received a gift from Okawaru
 60776 | Zot:5    | Noticed an orb of fire
 60791 | Zot:5    | Noticed an orb of fire
 60793 | Zot:5    | Killed an orb of fire
 60815 | Zot:5    | Killed an orb of fire
 60820 | Zot:5    | Noticed an orb of fire
 60820 | Zot:5    | Noticed an ancient lich
 60824 | Zot:5    | Noticed an orb of fire
 60836 | Zot:5    | Killed an orb of fire
 60853 | Zot:5    | Killed an orb of fire
 60854 | Zot:5    | Reached skill level 10 in Throwing
 60856 | Zot:5    | Killed an ancient lich
 61414 | Hell     | Entered the Vestibule of Hell
 61414 | Hell     | Noticed Geryon
 61472 | Depths:4 | Received a gift from Okawaru
 61925 | Hell     | Received a gift from Okawaru
 62109 | Hell     | Killed Geryon
 62409 | Hell     | Found a gateway to the ashen valley of Gehenna.
 62461 | Hell     | Found a gateway to the Iron City of Dis.
 62687 | Hell     | Received a gift from Okawaru
 62716 | Hell     | Found a gateway to the decaying netherworld of Tartarus.
 62970 | Hell     | Found a gateway to the freezing wastes of Cocytus.
 63167 | Depths:1 | Voluntarily entered the Abyss.
 63167 | Abyss:1  | Found a corrupted altar of Lugonu.
 63278 | Abyss:2  | Identified the +2 pair of boots of Midn8's Conscience {Fly
                  | rElec Will+ Stlth+} (Okawaru gifted it to you on level 2 of
                  | the Abyss)
 63278 | Abyss:2  | Received a gift from Okawaru
 63280 | Abyss:2  | Reached skill level 1 in Evocations
 63294 | Abyss:2  | Found a corrupted altar of Lugonu.
 63425 | Abyss:3  | Found a corrupted altar of Lugonu.
 63523 | Abyss:3  | Found a corrupted altar of Lugonu.
 63595 | Abyss:3  | Reached skill level 5 in Evocations
 63773 | Abyss:4  | Found a corrupted altar of Lugonu.
 63776 | Abyss:4  | Got an abyssal rune of Zot
 63796 | Abyss:4  | Paralysed by accursed screaming for 2 turns
 63910 | Abyss:4  | Reached XP level 27. HP: 264/273 MP: 22/28
 63936 | Depths:1 | Escaped the Abyss
 64206 | Slime:1  | Entered Level 1 of the Pits of Slime
 64416 | Slime:5  | Entered Level 5 of the Pits of Slime
 64506 | Slime:5  | Noticed the Royal Jelly
 64529 | Slime:5  | Reached skill level 10 in Evocations
 64642 | Slime:5  | Killed the Royal Jelly
 64704 | Slime:5  | Identified a ring of Imnuwneu {rCorr MP+9 Int+3 Slay-5}
 64725 | Slime:5  | Identified the ring of Ysameih {Fire *Slow rElec Str+3
                  | Dex-2}
 64740 | Slime:5  | Got a slimy rune of Zot
 64802 | Slime:5  | Received a gift from Okawaru
 64817 | Slime:5  | Reached skill level 15 in Dodging
 64824 | Slime:5  | Found the +8 Vampire's Tooth {megavamp}
 64825 | Slime:5  | Found the +10 tower shield of Ignorance {rN+ Int-4}
 65268 | Pan      | Entered the realm of Mnoleg.
 65268 | Pan      | Entered Pandemonium
 65359 | Pan      | Identified the +1 pair of gloves of the Ditch-Digger {rF+++
                  | rN+ Str-2 SInv} (Okawaru gifted it to you in Pandemonium)
 65359 | Pan      | Received a gift from Okawaru
 65439 | Pan      | Lost mutation: Your muscles are strong. (Str +4, Int/Dex
                  | -1) [potion of mutation]
 65439 | Pan      | Lost mutation: Your magical capacity is low. (-10% MP)
                  | [potion of mutation]
 65439 | Pan      | Gained mutation: You passively map a small area around you.
                  | [potion of mutation]
 65440 | Pan      | Lost mutation: You passively map a small area around you.
                  | [potion of mutation]
 65440 | Pan      | Gained mutation: You sometimes lose your temper in combat.
                  | [potion of mutation]
 65440 | Pan      | Gained mutation: You occasionally shout uncontrollably at
                  | your foes. [potion of mutation]
 65440 | Pan      | Gained mutation: You are strong-willed. (Will+) [potion of
                  | mutation]
 65441 | Pan      | Lost mutation: You are strong-willed. (Will+) [potion of
                  | mutation]
 65441 | Pan      | Lost mutation: You sometimes lose your temper in combat.
                  | [potion of mutation]
 65441 | Pan      | Lost mutation: You occasionally shout uncontrollably at
                  | your foes. [potion of mutation]
 65441 | Pan      | Gained mutation: You are robust. (+10% HP) [potion of
                  | mutation]
 65441 | Pan      | Gained mutation: You occasionally lose the ability to drink
                  | potions when taking damage. [potion of mutation]
 65441 | Pan      | Gained mutation: You are agile. (Dex +4, Str/Int -1)
                  | [potion of mutation]
 65548 | Pan      | Identified the staff of Weak Exoneration {rC+ Dex+2 Ice}
 65834 | Pan      | Found an exit through the horrors of the Abyss.
 65947 | Pan      | Noticed Mnoleg
 65997 | Pan      | Killed Mnoleg
 66047 | Pan      | Identified the +1 robe of the Wild Haggis {rC+ Stlth+}
 66253 | Pan      | Got a glowing rune of Zot
 66679 | Pan      | Identified the amulet "Werchen" {Spirit rC+ Str+2}
 66911 | Pan      | Found an exit through the horrors of the Abyss.
 67488 | Pan      | Noticed Ykhleaj the pandemonium lord
 67513 | Pan      | Received a gift from Okawaru
 67551 | Pan      | Killed Ykhleaj the pandemonium lord
 67600 | Pan      | Got a demonic rune of Zot
 67606 | Pan      | Found Pebid's Quality Elixirs.
 67606 | Pan      | Found an opulent altar of Gozag.
 67749 | Pan      | Noticed Pebid the pandemonium lord
 67783 | Pan      | Killed Pebid the pandemonium lord
 67808 | Pan      | Found Pebid's Book Emporium.
 67815 | Pan      | Found Pebid's Rarities Zone.
 67817 | Pan      | Found an opulent altar of Gozag.
 67825 | Pan      | Received a gift from Okawaru
 67897 | Pan      | Identified the +2 pair of boots of Lightning Storm {Drain
                  | rF+ rN++ Regen+} (Okawaru gifted it to you in Pandemonium)
 67897 | Pan      | Received a gift from Okawaru
 67993 | Pan      | Found an opulent altar of Gozag.
 67997 | Pan      | Bought a potion of experience for 1000 gold pieces
 68300 | Pan      | Found Pebid's Assorted Sundries.
 68310 | Pan      | Bought a scroll of teleportation for 45 gold pieces
 68572 | Pan      | Found a burning altar of Makhleb.
 68774 | Pan      | Entered the realm of Cerebov.
 69016 | Pan      | Found the +6 sword of Cerebov {flame}
 69016 | Pan      | Noticed Cerebov
 69094 | Pan      | Killed Cerebov
 69211 | Pan      | Identified the ring "Tiroj" {Dex+2 Slay+4}
 69234 | Pan      | Got a fiery rune of Zot
 69250 | Pan      | Identified the amulet "Ucium" {Spirit Dex+4}
 69253 | Pan      | Identified the ring of Xileito {*Slow rF++ Str+6 Slay+2}
 69290 | Pan      | Got the Almanac of Turbulent Amathomancy
 69312 | Pan      | Identified a ring "Ylir" {rCorr Dex-2 Slay+5}
 69821 | Pan      | Identified the +4 war axe of Oenomania {drain, rCorr Str+4}
 69910 | Pan      | Found an exit through the horrors of the Abyss.
 70067 | Pan      | Found a transporter.
 70071 | Pan      | Identified the +3 hand axe "Ohebeihi" {speed, Will+}
 70288 | Pan      | Found a transporter.
 70454 | Pan      | Found an exit through the horrors of the Abyss.
 70757 | Pan      | Noticed Koppumez the pandemonium lord
 70787 | Pan      | Killed Koppumez the pandemonium lord
 71322 | Pan      | Identified the +1 hat of Ivvuth {Rampage *Slow rCorr}
                  | (Okawaru gifted it to you in Pandemonium)
 71322 | Pan      | Received a gift from Okawaru
 71687 | Pan      | Noticed Dol Houta the pandemonium lord
 71714 | Pan      | Killed Dol Houta the pandemonium lord
 71731 | Pan      | Entered the realm of Lom Lobon.
 71774 | Pan      | Found an exit through the horrors of the Abyss.
 72234 | Pan      | Noticed Lom Lobon
 72275 | Pan      | Killed Lom Lobon
 72281 | Pan      | Got a magical rune of Zot
 72525 | Pan      | Found an exit through the horrors of the Abyss.
 72941 | Pan      | Entered the realm of Gloorx Vloq.
 73255 | Pan      | Received a gift from Okawaru
 73611 | Pan      | Found an exit through the horrors of the Abyss.
 73728 | Pan      | Received a gift from Okawaru
 73790 | Pan      | Noticed Gloorx Vloq
 73806 | Pan      | Killed Gloorx Vloq
 73808 | Pan      | Got a dark rune of Zot
 74008 | Pan      | Took an exit into the Abyss.
 74008 | Abyss:4  | Escaped into the Abyss
 74261 | Abyss:4  | Found a corrupted altar of Lugonu.
 74262 | Abyss:4  | Found a corrupted altar of Lugonu.
 74319 | Depths:2 | Escaped the Abyss
 74405 | Dis:1    | Entered Level 1 of the Iron City of Dis
 74406 | Dis:1    | You fall into a shaft and drop 1 floor!
 74420 | Dis:2    | Received a gift from Okawaru
 74761 | Dis:3    | Received a gift from Okawaru
 75555 | Dis:5    | Received a gift from Okawaru
 76072 | Dis:7    | Entered Level 7 of the Iron City of Dis
 76126 | Dis:7    | Identified the -1 cloak of Tomorrow {+Blink rElec Will-
                  | Stlth+} (Okawaru gifted it to you on level 7 of the Iron
                  | City of Dis)
 76126 | Dis:7    | Received a gift from Okawaru
 77185 | Dis:7    | Received a gift from Okawaru
 77318 | Dis:7    | Identified the ring of Past Mistakes {Fly rElec rN+ Dex+6
                  | Stlth+}
 77415 | Dis:7    | Received a gift from Okawaru
 77628 | Dis:7    | Noticed Dispater
 77663 | Dis:7    | Killed Dispater
 77663 | Dis:7    | Identified the +0 hat of the Modern Thickets {rCorr Int+4
                  | SInv Stlth-} (Okawaru gifted it to you on level 7 of the
                  | Iron City of Dis)
 77663 | Dis:7    | Received a gift from Okawaru
 77671 | Dis:7    | Got an iron rune of Zot
 77841 | Dis:7    | Reached skill level 15 in Invocations
 78468 | Coc:1    | Entered Level 1 of Cocytus
 78468 | Coc:1    | You fall into a shaft and drop 1 floor!
 78487 | Coc:2    | Noticed a dread lich
 78519 | Coc:2    | Killed a dread lich
 78665 | Coc:3    | Paralysed by a wendigo for 1 turns
 78988 | Coc:4    | Paralysed by a wendigo for 1 turns
 78998 | Coc:4    | Paralysed by a wendigo for 1 turns
 79322 | Coc:5    | Received a gift from Okawaru
 79460 | Coc:5    | Received a gift from Okawaru
 79779 | Coc:6    | Received a gift from Okawaru
 80121 | Coc:7    | Entered Level 7 of Cocytus
 80175 | Coc:7    | Reached skill level 27 in Unarmed Combat
 80436 | Coc:7    | Noticed Antaeus
 80439 | Coc:7    | Got an icy rune of Zot
 80584 | Geh:1    | Entered Level 1 of Gehenna
 80756 | Geh:1    | Noticed an ancient lich
 80779 | Geh:1    | Killed an ancient lich
 80949 | Geh:2    | Received a gift from Okawaru
 81677 | Geh:4    | Received a gift from Okawaru
 82293 | Geh:7    | Entered Level 7 of Gehenna
 82354 | Geh:7    | Received a gift from Okawaru
 82444 | Geh:7    | Noticed the Serpent of Hell
 82447 | Arena    | Entered the Arena
 82473 | Arena    | Killed the Serpent of Hell
 82641 | Geh:7    | Identified the +0 morningstar of Oriotzic {heavy, rF+ Int-5
                  | Dex+3}
 82930 | Geh:7    | Identified the +8 scimitar of Doubt {freeze, rC- Will+
                  | Stlth+}
 82952 | Geh:7    | Found the +13 sceptre of Asmodeus
 82952 | Geh:7    | Noticed Asmodeus
 83005 | Geh:7    | Killed Asmodeus
 83013 | Geh:7    | Got an obsidian rune of Zot
 83019 | Geh:7    | Identified the staff "Aduxyajy" {Contam rCorr Str+2 Dex+8
                  | Earth}
 83122 | Geh:7    | Received a gift from Okawaru
 83184 | Tar:1    | Entered Level 1 of Tartarus
 83430 | Tar:3    | Received a gift from Okawaru
 83884 | Tar:4    | Received a gift from Okawaru
 84089 | Tar:5    | You fall into a shaft and drop 1 floor!
 84149 | Tar:6    | Received a gift from Okawaru
 84254 | Tar:7    | Entered Level 7 of Tartarus
 84258 | Tar:7    | Noticed a dread lich
 84269 | Tar:7    | Killed a dread lich
 84386 | Tar:7    | Received a gift from Okawaru
 84647 | Tar:7    | Noticed a dread lich
 84656 | Tar:7    | Noticed an ancient lich
 84657 | Tar:7    | Killed an ancient lich
 84658 | Tar:7    | Reached skill level 27 in Shapeshifting
 84752 | Tar:7    | Identified the amulet of Maruysh {Acrobat rCorr Int+2
                  | Dex+3}
 84755 | Tar:7    | Identified the +3 ring mail "Alusueck" {+Blink Regen+ SInv}
 84853 | Tar:7    | Reached skill level 15 in Throwing
 84911 | Tar:7    | Killed a dread lich
 84968 | Tar:7    | Noticed Ereshkigal
 84998 | Tar:7    | Killed Ereshkigal
 84998 | Tar:7    | Received a gift from Okawaru
 85032 | Tar:7    | Got a bone rune of Zot
 85152 | Tar:7    | Identified the +5 hand axe of Apniuda {heavy, Fly Will+}
 85182 | Tar:7    | Identified the ring "Dus Unodo" {Drain rF++ rN+ Dex+7}
 85199 | Tar:7    | Got the Handbook of the Lithic Vector
 85311 | Tar:7    | Identified the +0 chain mail of Wiczeuhi {Str+2 Dex+3}
 85312 | Tar:7    | Identified the ring of Suspected Treachery {rPois MP+9
                  | Int+3}
 85315 | Tar:7    | Identified the +2 orcbow of Hyxeir {elec, Fly rF+ Int+5}
 85797 | Tomb:1   | Entered Level 1 of the Tomb of the Ancients
 85901 | Tomb:1   | Identified the +0 pair of gloves "Ruplibb" {Rampage}
                  | (Okawaru gifted it to you on level 1 of the Tomb of the
                  | Ancients)
 85901 | Tomb:1   | Received a gift from Okawaru
 86172 | Tomb:1   | Noticed a royal mummy
 86217 | Tomb:1   | Killed a royal mummy
 86658 | Tomb:1   | Noticed a royal mummy
 86666 | Tomb:1   | Killed a royal mummy
 86829 | Tomb:2   | Noticed a royal mummy
 86831 | Tomb:2   | Noticed a royal mummy
 86834 | Tomb:2   | Noticed a royal mummy
 86844 | Tomb:2   | Killed a royal mummy
 86874 | Tomb:2   | Noticed Boris
 86898 | Tomb:2   | Killed Boris
 86980 | Tomb:3   | Entered Level 3 of the Tomb of the Ancients
 87001 | Tomb:3   | Noticed Mennas
 87004 | Tomb:3   | Found the +11 Singing Sword {sonic wave}
 87043 | Tomb:3   | Found the brooch of Shielding {Spirit SH+8}
 87057 | Tomb:3   | Noticed a royal mummy
 87063 | Tomb:3   | Noticed a royal mummy
 87063 | Tomb:3   | Noticed a royal mummy
 87091 | Tomb:3   | Killed a royal mummy
 87135 | Tomb:3   | Killed a royal mummy
 87156 | Tomb:3   | Killed a royal mummy
 87197 | Tomb:3   | Received a gift from Okawaru
 87200 | Tomb:3   | Noticed a royal mummy
 87202 | Tomb:3   | Noticed a royal mummy
 87217 | Tomb:3   | Killed Mennas
 87242 | Tomb:3   | Killed a royal mummy
 87250 | Tomb:3   | Noticed a royal mummy
 87258 | Tomb:3   | Killed a royal mummy
 87264 | Tomb:3   | Killed a royal mummy
 87269 | Tomb:3   | Noticed a royal mummy
 87285 | Tomb:3   | Killed a royal mummy
 87304 | Tomb:3   | Noticed a royal mummy
 87313 | Tomb:3   | Killed a royal mummy
 87418 | Tomb:3   | Identified the +6 rapier "Ciepp" {protect, rCorr}
 87432 | Tomb:3   | Identified the +5 war axe "Gext" {heavy, Stlth+}
 87452 | Tomb:3   | Identified the +0 battleaxe of Pandemonium {flame, rElec
                  | rPois rCorr}
 87491 | Tomb:3   | Noticed a royal mummy
 87519 | Tomb:3   | Killed a royal mummy
 87541 | Tomb:3   | Identified the staff "Beastbane" {rN+ Will+ Dex+3 Necro}
 87720 | Tomb:3   | Got a golden rune of Zot
 88534 | Zot:5    | Got the Orb of Zot
 89232 | D:$      | Escaped with the Orb!

Illustrated notes

Levels and vault maps discovered:
D:1:      dpeg_arrival_water_temple_mockup, layout_basic,
          basic_ecumenical_altar, serial_shops, shop, solitary_fountain,
          minmay_quantized
D:2:      layout_basic, serial_shops, shop, basic_altar
D:3:      layout_basic, mainiacjoe_overflow_concentric_impassable
D:4:      layout_basic, ashenzari_altar_1, uniq_natasha
D:5:      layout_loops_cross, lemuel_mausoleum_altar_kikubaaqudgha, uniq_duvessa
D:6:      layout_basic, minmay_temple_entry_mist, serial_shops, shop,
          nicolae_shop_stone, shop
D:7:      layout_basic, mainiacjoe_overflow_paths, interstate_on_off
D:8:      layout_loops_cross, mainiacjoe_overflow_catwalk,
          ploomutoo_gammafunk_ghost_potion_laboratory
D:9:      layout_loops_corners, grunt_dithmenos_smoke_and_mirrors,
          amcnicky_altar_gilded
D:10:     layout_rooms, demons_altar, elyvilon_altar_3, worms_lemuel
D:11:     layout_basic, minmay_lair_entry_grove, david_orc_3
D:12:     layout_rooms
D:13:     minmay_the_grid_four_pointed_star_mashed
          [minmay_the_grid_triangle_9x9_empty,
          minmay_the_grid_triangle_9x9_corrupted_corridor,
          minmay_the_grid_triangle_9x9_semitri,
          minmay_the_grid_triangle_9x9_shrine,
          minmay_the_grid_prize_four_corners], layout_rooms,
          trog_ov_bears_minmay
D:14:     layout_loops_cross, david_vaults_1, nicolae_titane,
          serial_bayou_lagoon_a
D:15:     gammafunk_depths_entry_grave, layout_loops_ring,
          gauntlet_entry_generic
Lair:1:   layout_chaotic_city, beast_lair_carwin_6
Lair:2:   beast_lair_carwin_large_3, layout_small_grid,
          nicolae_swamp_entry_splash_gauntlet,
          nicolae_spider_entry_lesser_pyramids, cheibrodos_lair_lostbears
Lair:3:   layout_loops_ring
Lair:4:   layout_roguey, lemuel_fruit_tree, grunt_megastairs_1
Lair:5:   wormcave, layout_cave_pods, slime_entry_1
Swamp:1:  layout_basic_swamp, nicolae_swamp_some_circles, swamp_pool1,
          nicolae_swamp_fairy_circle, infiniplex_staircase_pool_2, uniq_aizul
Swamp:2:  cheibrodos_swamp_tower_of_moss, layout_basic_swamp,
          nicolae_swamp_oklob_treasure_island
Swamp:3:  layout_basic_swamp, infiniplex_staircase_pool, swamp_pool1, uniq_kirke
Swamp:4:  swamp_alternative, layout_basic_swamp
Spider:1: layout_spider_delve
Spider:2: layout_spider_delve
Spider:3: layout_spider_delve
Spider:4: grunt_spider_rune_island, ebering_ghost_xom,
          portal_ice_cave_entry_ice_simulacra, nicolae_spider_spiderdrome,
          uniq_louise, uniq_bai_suzhen
Slime:1:  layout_caves
Slime:2:  layout_caves
Slime:3:  layout_caves, nicolae_slime_barrier
Slime:4:  layout_caves
Slime:5:  slime_pit_nicolae_trefoil
Orc:1:    layout_caves, gammafunk_ghost_grave, uniq_maurice, uniq_jorgrun
Orc:2:    st_orc_congregation, layout_diamond_mine
Elf:1:    layout_onion_city, hangedman_elf_represent, item_on_display_a,
          minmay_shop_grove, uniq_donald
Elf:2:    nicolae_elf_blades_splatter_lattice
          [nicolae_blade_entry_floor_patterns], layout_geoelf_grid,
          serial_shops, shop
Elf:3:    minmay_elf_hall_golems, layout_onion_city, serial_shops, shop,
          minmay_elf_sorcery
Vaults:1: nicolae_vaults_sesquioval_fish, vaults_room_ringed_pool,
          hangedman_vaults_slice, nicolae_vaults_trapezoid_lopsided_1,
          nicolae_vaults_shelves_hall, hangedman_vaults_capsules,
          nicolae_vaults_weapon_check, nicolae_vaults_closet_pinwheel_3,
          nicolae_vaults_door_testing_chamber, nicolae_vaults_shock_wave,
          ontoclasm_vaults_bender, layout_vaults_big_room,
          nicolae_trove_entry_isolated, uniq_nikola
Vaults:2: nicolae_vaults_network_s, v_misc_5, vaults_mumra_minichess,
          ontoclasm_vaults_eye, v_misc_14, nicolae_vaults_triangles,
          nicolae_vaults_tangram_1, nicolae_vaults_tetromino_Z_1,
          layout_vaults_omnigrid
Vaults:3: ontoclasm_vaults_twist, nicolae_vaults_offset_grid_hallway_2,
          ontoclasm_vaults_claustrophobia, v_misc_15, vaults_room_door_ring,
          v_misc_9, minmay_crypt_entry_simple_walls,
          ontoclasm_vaults_misaligned, nicolae_vaults_more_shelving_2,
          nicolae_vaults_trapezoid_2, vaults_mumra_minichess_inversion,
          layout_vaults_maze_snakey, serial_shops, nicolae_square_shop, shop,
          nicolae_square_shop, nicolae_shop_hallway_plus, shop
Vaults:4: hangedman_vaults_restitches, vaults_room_octagon,
          nicolae_vaults_tetromino_T_1, nicolae_vaults_shipping_containers_3,
          ontoclasm_vaults_ring_square, nicolae_vaults_closet_pinwheel_2,
          vaults_mumra_chevron_long, vaults_room_fours,
          nicolae_vaults_lightning_bolt, v_misc_17, vaults_room_corners,
          layout_vaults_ring, serial_shops, nicolae_shop_real_fake_doors,
          uniq_xtahua, uniq_sojobo
Vaults:5
Crypt:1:  layout_misc_corridors, st_chilly_death, grunt_crypt_arrival_split
Crypt:2:  layout_misc_corridors, grunt_ministairs_13, minmay_misc_feat_five,
          nrook_guardian_serpent_ordinary, lemuel_upstairs_altar,
          roderic_lattice_octagonal_star, uniq_grunn
Crypt:3:  david_glass_crypt, layout_gridlike, tomb_entry_forgotten_bobbens,
          ebering_ghost_gozag, uniq_josephina, uniq_margery
Tomb:1
Tomb:2:   uniq_boris
Tomb:3:   uniq_mennas
Depths:1: layout_roguey, chequers_serial_rivers_large_a, serial_shops,
          nicolae_shop_just_a_little_nook, minmay_room_of_horrors, hell_entry,
          minmay_pinched_square, hangedman_decor_cross_pass
Depths:2: grated_community_mu [grated_community_mu_vampire_home,
          grated_community_mu_giant_home, grated_community_mu_spellcaster_home,
          grated_community_mu_orcish_home, grated_community_mu_troll_home,
          grated_community_mu_taur_home, grated_community_mu_unbuilt_plot],
          layout_honeycomb, enter_ziggurat_d, pan_entry, serial_shops,
          nicolae_diamond_shop, hell_entry, lightli_giant_bouncers
Depths:3: gammafunk_sealed_library, layout_honeycomb, hellmouth_1, abyss_entry,
          okawaru_ov_weapons_minmay, infiniplex_staircase_zigzag_3,
          minmay_shoptagon, serial_bayou_shore_b, uniq_jory
Depths:4: evilmike_zot_entry_diamond, layout_cave_shapes,
          rand_demon_pan_entry_4, hell_entry, nicolae_two_hexagons,
          nicolae_diode_stairs, grunt_megastairs_5
Hell
Dis:1:    layout_subdivisions, hangedman_dis_decor_tower
Dis:2:    layout_jigsaw, lemuel_dis_dragons
Dis:3:    layout_gridville
Dis:4:    layout_jigsaw
Dis:5:    layout_jigsaw, nrook_loot_triangle, nicolae_dis_metal_dragon_surprise
Dis:6:    nicolae_dis_hell_of_blades
Dis:7:    iron_city_of_dis [dis_grunt, dis_wall_1], layout_gridville
Geh:1:    layout_gehenna_lava_caves
Geh:2:    layout_gehenna_lava_caves, nicolae_geh_lavax
Geh:3:    layout_gehenna_pools_basic
Geh:4:    nicolae_geh_erupted_tower, layout_gehenna_pools_triple
Geh:5:    layout_gehenna_pools_basic
Geh:6:    layout_gehenna_lava_caves
Geh:7:    geh_grunt_pentagon
Coc:1:    layout_cocytus_delve
Coc:2:    layout_cocytus_delve
Coc:3:    layout_cocytus_delve
Coc:4:    layout_cocytus_delve
Coc:5:    layout_cocytus_delve
Coc:6:    layout_cocytus_water_paths
Coc:7:    coc_mu
Tar:1:    layout_cathedral_of_symmetry
Tar:2:    layout_grid_maze
Tar:3:    layout_cathedral_of_symmetry
Tar:4:    layout_honeycomb, nicolae_tar_windowcombs
Tar:5:    layout_grid_maze
Tar:6:    layout_grid_maze
Tar:7:    tar_old
Zot:1:    layout_cathedral_of_symmetry
Zot:2:    gammafunk_mikee_crab_dinner, layout_gridlike,
          ebering_ghost_rock_garden, grunt_ministairs_11, st_stairs_4,
          door_vault
Zot:3:    circus_mu, layout_misc_corridors
Zot:4:    layout_cellular_growth, st_stairs_5, nicolae_shop_clearance
Zot:5:    layout_misc_corridors

Skill      XL: |  1  2  3  4  5  6  7  8  9 10 11 12 13 14 15 16 17 18 19 20 21 22 23 24 25 26 27 |
---------------+----------------------------------------------------------------------------------+-----
Unarmed Combat | 1 2 3 5 6 7 9 10 12 15 16 17 18 19 20 22 27 | 27.0
Invocations    | 1 5 6 8 9 12 19 | 19.6
Fighting       | 4 6 9 11 12 13 14 15 16 17 19 22 25 26 27 | 27.0
Dodging        | 1 4 7 8 10 12 14 20 | 20.0
Shapeshifting  | 3 8 9 13 17 19 21 27 | 27.0
Shields        | 4 10 14 15 22 | 22.0
Throwing       | 8 14 20 | 20.2
Ice Magic      | 8 |  8.0
Spellcasting   | 4 |  4.0
Evocations     | 7 10 | 10.0
Short Blades   | |  2.0
Stealth        | |  3.6

Action                     |  1- 3 |  4- 6 |  7- 9 | 10-12 | 13-15 | 16-18 | 19-21 | 22-24 | 25-27 || total
---------------------------+-------+-------+-------+-------+-------+-------+-------+-------+-------++-------
  Melee: Dagger            |   110 |    63 |       |       |       |       |       |       |       ||   173
         Tailslap          |     6 |    15 |    75 |   106 |   233 |   374 |   418 |   593 |  2297 ||  4117
         Punch             |     5 |     5 |    22 |    50 |    89 |       |    38 |       |       ||   209
         Unarmed           |       |   116 |   533 |   640 |  1196 |  1636 |  1949 |  2243 |  7741 || 16054
         Maw               |       |       |       |    21 |   123 |   432 |   220 |       |       ||   796
  Throw: Dart              |       |     2 |     3 |       |     1 |    24 |    10 |    18 |       ||    58
         Boomerang         |       |       |       |       |       |    31 |    11 |    21 |   244 ||   307
         Javelin           |       |       |       |       |       |     9 |    19 |       |    78 ||   106
   Cast: Ozocubu's Armour  |       |       |       |       |       |     3 |     1 |       |       ||     4
         Apportation       |       |       |       |       |       |       |       |     5 |       ||     5
 Invoke: Heroism           |       |       |     3 |     4 |    10 |    22 |     5 |     2 |    30 ||    76
         Finesse           |       |       |       |       |     1 |     2 |     2 |       |    22 ||    27
         Duel              |       |       |       |       |       |       |       |       |     1 ||     1
Ability: Siphon Essence    |       |       |       |       |       |       |     4 |     5 |    17 ||    26
         Blinkbolt         |       |       |       |       |       |       |     1 |       |       ||     1
         Begin Untransform |       |       |       |       |       |       |       |     1 |     1 ||     2
  Evoke: Wand              |       |       |     1 |       |       |     2 |       |     3 |    15 ||    21
         Condenser vane    |       |       |       |       |     1 |       |       |       |     2 ||     3
    Use: Scroll            |     1 |       |    15 |     3 |    14 |    11 |     3 |     2 |    33 ||    82
         Potion            |       |     1 |       |       |     1 |     5 |     2 |     3 |    10 ||    22
   Stab: Sleeping          |    12 |     7 |    11 |    13 |    14 |    10 |     4 |     7 |    21 ||    99
         Invisible         |       |     1 |       |       |       |       |       |     2 |    30 ||    33
         Distracted        |       |     1 |     1 |     1 |     3 |     5 |     4 |       |    25 ||    40
         Confused          |       |       |       |       |     2 |     4 |       |     1 |       ||     7
         Paralysed         |       |       |       |       |       |       |       |     2 |       ||     2
 Armour: Skin              |    30 |    65 |   228 |   205 |   268 |   437 |   334 |   582 |  1071 ||  3220
  Dodge: Dodged            |    42 |   111 |   237 |   323 |   703 |   953 |   939 |  1364 |  3133 ||  7805
  Block: Kite shield       |       |       |       |       |   174 |   811 |   697 |  1226 |  1265 ||  4173
         Tower shield      |       |       |       |       |       |       |       |       |  4691 ||  4691
   Form: Maw               |       |       |       |     1 |     2 |       |       |       |       ||     3
         Blade             |       |       |       |     1 |     1 |       |       |       |       ||     2
         Storm             |       |       |       |       |       |       |     1 |     2 |       ||     3
         Death             |       |       |       |       |       |       |     1 |     3 |     4 ||     8
                           |       |       |       |       |       |       |       |       |     3 ||     3

Table legend: (Time is in decaauts)
 A = Elapsed time spent in this place.
 B = Non-inter-level travel time spent in this place.
 C = Inter-level travel time spent in this place.
 D = Time resting spent in this place.
 E = Time spent auto-exploring this place.
 F = Levels seen in this place.
 G = Mean time per level.
                   A        B        C        D        E       F      G
               +--------+--------+--------+--------+--------+-----+--------+
         Total |  83605 |  73284 |  10321 |  10655 |  34245 | 111 |  753.2 |
       Dungeon |  18919 |  15115 |   3804 |   3183 |   8262 |  15 | 1261.3 |
          Lair |   6463 |   5501 |    962 |   1148 |   2903 |   5 | 1292.6 |
         Swamp |   3088 |   2809 |    279 |    522 |   1330 |   4 |  772.0 |
   Spider Nest |   3583 |   3327 |    256 |    371 |   1781 |   4 |  895.8 |
    Slime Pits |    697 |    643 |     54 |      0 |      0 |   5 |  139.4 |
  Orcish Mines |   1681 |   1444 |    237 |     61 |    716 |   2 |  840.5 |
   Elven Halls |   4196 |   3912 |    284 |    534 |   1798 |   3 | 1398.7 |
        Vaults |   7025 |   6059 |    966 |    396 |   3736 |   5 | 1405.0 |
         Crypt |   3984 |   3534 |    450 |    563 |   1562 |   3 | 1328.0 |
          Tomb |   1871 |   1682 |    189 |     99 |    684 |   3 |  623.7 |
        Depths |   6554 |   5362 |   1192 |    856 |   2767 |   4 | 1638.5 |
          Hell |    999 |    708 |    291 |      0 |    287 |   1 |  999.0 |
           Dis |   3288 |   3125 |    163 |    577 |   1167 |   7 |  469.7 |
       Gehenna |   2202 |   2066 |    136 |    384 |    454 |   7 |  314.6 |
       Cocytus |   1794 |   1679 |    115 |    416 |    397 |   7 |  256.3 |
      Tartarus |   1883 |   1775 |    108 |    171 |    406 |   7 |  269.0 |
           Zot |   6112 |   5283 |    829 |    737 |   2770 |   5 | 1222.4 |
         Abyss |    940 |    940 |      0 |      0 |     59 |   5 |  188.0 |
   Pandemonium |   7899 |   7899 |      0 |    598 |   3166 |  16 |  493.7 |
      Ice Cave |    193 |    193 |      0 |     24 |      0 |   1 |  193.0 |
      Gauntlet |    196 |    196 |      0 |      0 |      0 |   1 |  196.0 |
         Arena |     27 |     27 |      0 |     12 |      0 |   1 |   27.0 |
               +--------+--------+--------+--------+--------+-----+--------+

Top non-repeatable levels by time:
Depths:2: 2949 daAuts
    D:11: 2330 daAuts
  Lair:2: 2113 daAuts
   Elf:3: 2090 daAuts
   Dis:7: 1936 daAuts
     D:9: 1802 daAuts
     D:6: 1711 daAuts
 Crypt:3: 1615 daAuts
Vaults:5: 1610 daAuts
Vaults:1: 1567 daAuts
   Zot:5: 1550 daAuts
Vaults:2: 1484 daAuts
 Crypt:1: 1457 daAuts
   Zot:1: 1413 daAuts
  Lair:5: 1399 daAuts
